| TOP OF THE 1ST |
|
Iowa Oaks batting - Pitching for Indianapolis Indians : RHP Andrew Muhlstock
|
|
Pitching: RHP Andrew Muhlstock
|
|
|
Batting: RHB Joseph Stewart
|
0-0: Ball 1-0: Foul Ball, location: 2F 1-1: Swinging Strike 1-2: Ball 2-2: Ball 3-2: Base on Balls
|
|
Batting: RHB Tom Veryzer
|
0-0: Fly out, F8 (Line Drive, 8LM, EV 93.8 MPH)
|
|
Batting: RHB Scott Fletcher
|
0-0: Ball 1-0: Ball 2-0: Fly out, F5 (Popup, 5SF, EV 90.6 MPH)
|
|
Batting: RHB Willie Darkis
|
0-0: Called Strike 0-1: Ball 1-1: Ball Joseph Stewart steals 2nd base (no throw) 2-1: 2-RUN HOME RUN (Flyball, 7D, EV 101.9 MPH), Distance : 362 ft
|
|
Batting: RHB Earl Jordan
|
0-0: Called Strike 0-1: Ball 1-1: Swinging Strike 1-2: Foul Ball, location: 2F 1-2: Ball 2-2: Fly out, F5 (Popup, 25F, EV 91.3 MPH)
|
| Top of the 1st over - 2 runs, 1 hit, 0 errors, 0 left on base; Iowa 2 - Indianapolis 0 |
| BOTTOM OF THE 1ST |
|
Indianapolis Indians batting - Pitching for Iowa Oaks : RHP Wesley Williams
|
|
Pitching: RHP Wesley Williams
|
|
|
Batting: LHB Kevin Schoendienst
|
0-0: Called Strike 0-1: Ball 1-1: Ball 2-1: Swinging Strike 2-2: Ball 3-2: Base on Balls
|
|
Batting: RHB Nick Deurloo
|
0-0: Ball 1-0: Ball 2-0: Fly out, F8 (Flyball, 8RM, EV 85.6 MPH)
|
|
Batting: RHB Luis Gonzalez
|
0-0: Ball Kevin Schoendienst is caught stealing 2nd base 2-4 1-0: Swinging Strike 1-1: Foul Ball, location: 2F 1-2: Ball 2-2: Fly out, F8 (Flyball, 89D, EV 105.0 MPH)
|
| Bottom of the 1st over - 0 runs, 0 hits, 0 errors, 0 left on base; Iowa 2 - Indianapolis 0 |
| TOP OF THE 2ND |
|
Iowa Oaks batting - Pitching for Indianapolis Indians : RHP Andrew Muhlstock
|
|
Batting: RHB Leonel Carrion
|
0-0: Called Strike 0-1: Foul Ball, location: 2F 0-2: SINGLE (Flyball, 9S, EV 89.4 MPH)
|
|
Batting: RHB Michael Fitzgerald
|
0-0: Ball 1-0: Ground out 3-1 (Groundball, 3L, EV 102.5 MPH) Leonel Carrion to second
|
|
Batting: RHB Bucky Dent
|
0-0: Ball 1-0: Called Strike 1-1: Ball 2-1: Ball 3-1: Fly out, F9 (Line Drive, 9D, EV 86.3 MPH) Runner from 2nd tags up, SAFE at 3rd, no throw by RF
|
|
Batting: RHB Thomas Vessey
|
0-0: Swinging Strike 0-1: Foul Ball, location: 2F 0-2: Ball 1-2: Ground out 6-3 (Groundball, 6, EV 76.3 MPH)
|
| Top of the 2nd over - 0 runs, 1 hit, 0 errors, 1 left on base; Iowa 2 - Indianapolis 0 |
| BOTTOM OF THE 2ND |
|
Indianapolis Indians batting - Pitching for Iowa Oaks : RHP Wesley Williams
|
|
Batting: LHB Fernando Vazquez
|
0-0: Ball 1-0: Swinging Strike 1-1: Ball 2-1: Foul Ball, location: 2F 2-2: Ball 3-2: Base on Balls
|
|
Batting: RHB Billy L Smith
|
0-0: Ball 1-0: Ball 2-0: Ball 3-0: Base on Balls Fernando Vazquez to second
|
|
Batting: RHB Mike Dumas
|
0-0: Called Strike 0-1: Foul Ball, location: 2F 0-2: Ball 1-2: Ball 2-2: SINGLE (Line Drive, 8LS, EV 110.6 MPH) Fernando Vazquez to third Billy L Smith to second
|
|
Batting: RHB Gareth Ledbetter
|
0-0: Ball 1-0: Ball 2-0: Fly out, F7 (Flyball, 7D, EV 98.8 MPH) Runner from 3rd tags up, SCORES, no throw by LF Billy L Smith to third
|
|
Batting: RHB Victor Mabee
|
0-0: Ball 1-0: Ball 2-0: Ball 3-0: Base on Balls Mike Dumas to second
|
|
Batting: RHB Charles Pinkney
|
0-0: Ball 1-0: Ball 2-0: Foul Ball, location: 2F 2-1: Ball 3-1: Fielders Choice at 2nd, 6-4 (Groundball, 6, EV 82.5 MPH) Billy L Smith scores Mike Dumas to third
|
|
Batting: LHB Kevin Schoendienst
|
0-0: Ball 1-0: Ball 2-0: Ball 3-0: Base on Balls Charles Pinkney to second
|
|
Batting: RHB Nick Deurloo
|
0-0: Called Strike 0-1: Ball 1-1: Foul Ball, location: 2F 1-2: Ball 2-2: Ball 3-2: Foul Ball, location: 2F 3-2: Ground out 6-3 (Groundball, 6M, EV 76.9 MPH)
|
| Bottom of the 2nd over - 2 runs, 1 hit, 0 errors, 3 left on base; Iowa 2 - Indianapolis 2 |
| TOP OF THE 3RD |
|
Iowa Oaks batting - Pitching for Indianapolis Indians : RHP Andrew Muhlstock
|
|
Batting: RHB Joseph Stewart
|
0-0: Called Strike 0-1: Ball 1-1: Swinging Strike 1-2: Foul Ball, location: 2F 1-2: Ball 2-2: Ball 3-2: Fly out, F8 (Line Drive, 8LM, EV 88.1 MPH)
|
|
Batting: RHB Tom Veryzer
|
0-0: Ball 1-0: Called Strike 1-1: Foul Ball, location: 2F 1-2: Ball 2-2: Strikes out swinging
|
|
Batting: RHB Scott Fletcher
|
0-0: Called Strike 0-1: SINGLE (Line Drive, 78S, EV 92.5 MPH)
|
|
Batting: RHB Willie Darkis
|
0-0: Called Strike Scott Fletcher steals 2nd base 0-1: Foul Ball, location: 2F 0-2: Ball 1-2: Ball 2-2: Strikes out looking
|
| Top of the 3rd over - 0 runs, 1 hit, 0 errors, 1 left on base; Iowa 2 - Indianapolis 2 |
| BOTTOM OF THE 3RD |
|
Indianapolis Indians batting - Pitching for Iowa Oaks : RHP Wesley Williams
|
|
Batting: RHB Luis Gonzalez
|
0-0: Foul Ball, location: 2F 0-1: Ball 1-1: Ball 2-1: Foul Ball, location: 2F 2-2: Strikes out swinging
|
|
Batting: LHB Fernando Vazquez
|
0-0: Ground out U3 (Groundball, 3, EV 100.6 MPH)
|
|
Batting: RHB Billy L Smith
|
0-0: Called Strike 0-1: Fly out, F7 (Flyball, 7, EV 81.9 MPH)
|
| Bottom of the 3rd over - 0 runs, 0 hits, 0 errors, 0 left on base; Iowa 2 - Indianapolis 2 |
| TOP OF THE 4TH |
|
Iowa Oaks batting - Pitching for Indianapolis Indians : RHP Andrew Muhlstock
|
|
Batting: RHB Earl Jordan
|
0-0: Foul Ball, location: 2F 0-1: Swinging Strike 0-2: Strikes out swinging
|
|
Batting: RHB Leonel Carrion
|
0-0: Ball 1-0: SOLO HOME RUN (Flyball, 78XD, EV 104.4 MPH), Distance : 390 ft
|
|
Batting: RHB Michael Fitzgerald
|
0-0: Ball 1-0: Ball 2-0: Ball 3-0: Base on Balls
|
|
Batting: RHB Bucky Dent
|
0-0: Fly out, F9 (Flyball, 9LS, EV 86.3 MPH)
|
|
Batting: RHB Thomas Vessey
|
0-0: Ball 1-0: Ball 2-0: Called Strike 2-1: Ball 3-1: Base on Balls Michael Fitzgerald to second
|
|
Batting: RHB Joseph Stewart
|
0-0: Called Strike 0-1: Swinging Strike 0-2: Ball 1-2: Ball 2-2: Ball 3-2: Strikes out looking
|
| Top of the 4th over - 1 run, 1 hit, 0 errors, 2 left on base; Iowa 3 - Indianapolis 2 |
| BOTTOM OF THE 4TH |
|
Indianapolis Indians batting - Pitching for Iowa Oaks : RHP Wesley Williams
|
|
Batting: RHB Mike Dumas
|
0-0: Ball 1-0: Called Strike 1-1: Ball 2-1: Ball 3-1: Fly out, F8 (Flyball, 8RD, EV 100.6 MPH)
|
|
Batting: RHB Gareth Ledbetter
|
0-0: Foul Ball, location: 2F 0-1: Ball 1-1: Swinging Strike 1-2: SOLO HOME RUN (Flyball, 78XD, EV 106.9 MPH), Distance : 412 ft
|
|
Batting: RHB Victor Mabee
|
0-0: Ball 1-0: Called Strike 1-1: Ball 2-1: Foul Ball, location: 2F 2-2: Foul Ball, location: 2F 2-2: Fly out, F8 (Flyball, 89D, EV 93.8 MPH)
|
|
Batting: RHB Charles Pinkney
|
0-0: Ball 1-0: Ball 2-0: Called Strike 2-1: SINGLE (Line Drive, 78M, EV 103.8 MPH)
|
|
Batting: LHB Kevin Schoendienst
|
0-0: Called Strike 0-1: Ball Charles Pinkney steals 2nd base 1-1: Ball 2-1: Ball 3-1: Called Strike 3-2: Strikes out looking
|
| Bottom of the 4th over - 1 run, 2 hits, 0 errors, 1 left on base; Iowa 3 - Indianapolis 3 |
| TOP OF THE 5TH |
|
Iowa Oaks batting - Pitching for Indianapolis Indians : RHP Andrew Muhlstock
|
|
Batting: RHB Tom Veryzer
|
0-0: Ball 1-0: Ball 2-0: Called Strike 2-1: Called Strike 2-2: Foul Ball, location: 2F 2-2: Strikes out looking
|
|
Batting: RHB Scott Fletcher
|
0-0: Foul Ball, location: 2F 0-1: Swinging Strike 0-2: Fly out, F9 (Line Drive, 9, EV 100.6 MPH)
|
|
Batting: RHB Willie Darkis
|
0-0: Called Strike 0-1: Ground out 6-3 (Groundball, 56, EV 95.0 MPH)
|
| Top of the 5th over - 0 runs, 0 hits, 0 errors, 0 left on base; Iowa 3 - Indianapolis 3 |
| BOTTOM OF THE 5TH |
|
Indianapolis Indians batting - Pitching for Iowa Oaks : RHP Wesley Williams
|
|
Batting: RHB Nick Deurloo
|
0-0: Ball 1-0: Ground out 1-3 (Groundball, 34S, EV 85.0 MPH)
|
|
Batting: RHB Luis Gonzalez
|
0-0: Foul Ball, location: 2F 0-1: Fly out, F8 (Flyball, 8RS, EV 84.4 MPH)
|
|
Batting: LHB Fernando Vazquez
|
0-0: Called Strike 0-1: Ball 1-1: Swinging Strike 1-2: Ball 2-2: Ball 3-2: Base on Balls
|
|
Batting: RHB Billy L Smith
|
0-0: Ball 1-0: Ball 2-0: Foul Ball, location: 2F 2-1: Ball 3-1: Base on Balls Fernando Vazquez to second
|
|
Batting: RHB Mike Dumas
|
0-0: SINGLE (Line Drive, 7LS, EV 103.1 MPH) Fernando Vazquez to third Billy L Smith to second Runner from 3rd tries for Home, SAFE, throw by LF to home
|
|
Batting: RHB Gareth Ledbetter
|
0-0: Called Strike 0-1: Ball 1-1: Ball 2-1: Foul Ball, location: 2F 2-2: Foul Ball, location: 2F 2-2: Ball 3-2: Foul Ball, location: 2F 3-2: Fly out, F6 (Line Drive, 6, EV 68.8 MPH)
|
| Bottom of the 5th over - 1 run, 1 hit, 0 errors, 2 left on base; Iowa 3 - Indianapolis 4 |
| TOP OF THE 6TH |
|
Iowa Oaks batting - Pitching for Indianapolis Indians : RHP Andrew Muhlstock
|
|
Batting: RHB Earl Jordan
|
0-0: Ball 1-0: Swinging Strike 1-1: Ball 2-1: Foul Ball, location: 2F 2-2: Fly out, F4 (Popup, 4, EV 55.6 MPH)
|
|
Batting: RHB Leonel Carrion
|
0-0: Ball 1-0: Ball 2-0: Foul Ball, location: 2F 2-1: Called Strike 2-2: Ground out 6-3 (Groundball, 6, EV 88.8 MPH)
|
|
Batting: RHB Michael Fitzgerald
|
0-0: Foul Ball, location: 2F 0-1: Ground out 5-3 (Groundball, 5L, EV 102.5 MPH)
|
| Top of the 6th over - 0 runs, 0 hits, 0 errors, 0 left on base; Iowa 3 - Indianapolis 4 |
| BOTTOM OF THE 6TH |
|
Indianapolis Indians batting - Pitching for Iowa Oaks : RHP Wesley Williams
|
|
Batting: RHB Victor Mabee
|
0-0: Foul Ball, location: 2F 0-1: Ball 1-1: Ball 2-1: Fly out, F9 (Flyball, 9LDF, EV 107.5 MPH)
|
|
Batting: RHB Charles Pinkney
|
0-0: Ball 1-0: Ball 2-0: Called Strike 2-1: Called Strike 2-2: Foul Ball, location: 2F 2-2: Ball 3-2: Strikes out swinging
|
|
Batting: LHB Kevin Schoendienst
|
0-0: Ground out 5-3 (Groundball, 56, EV 80.0 MPH)
|
| Bottom of the 6th over - 0 runs, 0 hits, 0 errors, 0 left on base; Iowa 3 - Indianapolis 4 |
| TOP OF THE 7TH |
|
Iowa Oaks batting - Pitching for Indianapolis Indians : RHP Andrew Muhlstock
|
|
Batting: RHB Bucky Dent
|
0-0: Ball 1-0: Ball 2-0: Called Strike 2-1: Fly out, F9 (Flyball, 9, EV 85.0 MPH)
|
|
Batting: RHB Thomas Vessey
|
0-0: Swinging Strike 0-1: Ball 1-1: Ball 2-1: Foul Ball, location: 2F 2-2: Ball 3-2: SINGLE (Groundball, 34D, EV 101.3 MPH)
|
|
Batting: RHB Joseph Stewart
|
0-0: Foul Ball, location: 2F 0-1: Ball 1-1: Ball 2-1: Grounds into double play, 4-6-3 (Groundball, 34, EV 86.9 MPH)
|
| Top of the 7th over - 0 runs, 1 hit, 0 errors, 0 left on base; Iowa 3 - Indianapolis 4 |
| BOTTOM OF THE 7TH |
|
Indianapolis Indians batting - Pitching for Iowa Oaks : RHP Wesley Williams
|
|
Batting: RHB Nick Deurloo
|
0-0: Ball 1-0: Ball 2-0: Ball 3-0: Base on Balls
|
|
Batting: RHB Luis Gonzalez
|
0-0: Ball 1-0: Called Strike 1-1: Called Strike 1-2: Fly out, F9 (Flyball, 9S, EV 82.5 MPH)
|
|
Batting: LHB Fernando Vazquez
|
0-0: Foul Ball, location: 2F 0-1: Ball 1-1: Foul Ball, location: 2F 1-2: Ball 2-2: Ball 3-2: Base on Balls Nick Deurloo to second
|
|
Batting: RHB Billy L Smith
|
0-0: Called Strike 0-1: Ball 1-1: Fielders Choice at 2nd, 5-4 (Groundball, 56, EV 103.1 MPH) Nick Deurloo to third
|
|
Batting: RHB Mike Dumas
|
0-0: Ball 1-0: Foul Ball, location: 2F 1-1: Swinging Strike 1-2: DOUBLE (Groundball, 5L, EV 105.0 MPH) Nick Deurloo scores Billy L Smith to third Runner from 3rd tries for Home, SAFE, throw by LF to home
|
|
Pitching: RHP Ron G Davis
|
|
|
Batting: RHB Gareth Ledbetter
|
0-0: Ball 1-0: Foul Ball, location: 2F 1-1: SINGLE (Groundball, 4MD, EV 105.0 MPH) Mike Dumas to third Runner from 3rd tries for Home, SAFE, no throw by CF
|
|
Batting: RHB Victor Mabee
|
0-0: Ball 1-0: Ball 2-0: Called Strike 2-1: Swinging Strike 2-2: Ball 3-2: Fly out, F3 (Popup, 3SF, EV 80.6 MPH)
|
| Bottom of the 7th over - 3 runs, 2 hits, 0 errors, 1 left on base; Iowa 3 - Indianapolis 7 |
| TOP OF THE 8TH |
|
Iowa Oaks batting - Pitching for Indianapolis Indians : RHP Andrew Muhlstock
|
|
Batting: RHB Tom Veryzer
|
0-0: Called Strike 0-1: Foul Ball, location: 2F 0-2: Ball 1-2: Ball 2-2: SINGLE (Line Drive, 8RS, EV 95.0 MPH)
|
|
Pitching: RHP Dave Ford
|
|
|
Batting: RHB Scott Fletcher
|
0-0: Called Strike 0-1: Swinging Strike 0-2: Ball 1-2: Ball 2-2: Ball 3-2: Foul Ball, location: 2F 3-2: Base on Balls Tom Veryzer to second
|
|
Batting: RHB Willie Darkis
|
0-0: Fielders Choice at 2nd, 1-4 (Groundball, P, EV 81.3 MPH) Tom Veryzer to third
|
|
Batting: RHB Earl Jordan
|
0-0: Ball 1-0: Called Strike 1-1: Ball 2-1: Foul Ball, location: 2F 2-2: Ball 3-2: DOUBLE (Line Drive, 89D, EV 105.6 MPH) Tom Veryzer scores Willie Darkis to third Runner from 3rd tries for Home, SAFE, throw by CF to home
|
|
Batting: RHB Leonel Carrion
|
0-0: Ball 1-0: Ground out 6-3 (Groundball, 6M, EV 99.4 MPH) Earl Jordan to third
|
|
Batting: RHB Michael Fitzgerald
|
0-0: Called Strike 0-1: Swinging Strike 0-2: Ground out 6-3 (Groundball, 56D, EV 111.3 MPH)
|
| Top of the 8th over - 2 runs, 2 hits, 0 errors, 1 left on base; Iowa 5 - Indianapolis 7 |
| BOTTOM OF THE 8TH |
|
Indianapolis Indians batting - Pitching for Iowa Oaks : RHP Ron G Davis
|
|
Now at 2B: Juan Franco
|
|
|
Batting: RHB Charles Pinkney
|
0-0: Foul Ball, location: 2F 0-1: Swinging Strike 0-2: Hit by Pitch
|
|
Batting: LHB Kevin Schoendienst
|
0-0: Ball 1-0: Bunt missed! 1-1: Bunt - Flyout to 2L! F2
|
|
Batting: RHB Nick Deurloo
|
0-0: Ball 1-0: Called Strike 1-1: Ball Wild Pitch! Charles Pinkney to second 2-1: Fly out, F9 (Flyball, 9, EV 85.6 MPH)
|
|
Batting: RHB Luis Gonzalez
|
0-0: Called Strike 0-1: Foul Ball, location: 2F 0-2: Ball 1-2: Ball 2-2: Strikes out swinging, 2-3 out at first.
|
| Bottom of the 8th over - 0 runs, 0 hits, 0 errors, 1 left on base; Iowa 5 - Indianapolis 7 |
| TOP OF THE 9TH |
|
Iowa Oaks batting - Pitching for Indianapolis Indians : RHP Dave Ford
|
|
Pitching: LHP Danny Boone
|
|
|
Batting: RHB Bucky Dent
|
0-0: Called Strike 0-1: Ball 1-1: Called Strike 1-2: Ball 2-2: SINGLE (Groundball, 56D, EV 97.5 MPH)
|
|
Batting: RHB Thomas Vessey
|
0-0: Called Strike 0-1: Foul Ball, location: 2F 0-2: Foul Ball, location: 2F 0-2: Foul Ball, location: 2F 0-2: Foul Ball, location: 2F 0-2: Ball 1-2: SINGLE (Flyball, 89S, EV 88.8 MPH) Bucky Dent to second
|
|
Batting: RHB Joseph Stewart
|
0-0: Ball 1-0: Ball 2-0: Swinging Strike 2-1: Swinging Strike 2-2: Strikes out swinging
|
|
Batting: RHB Tom Veryzer
|
0-0: Called Strike 0-1: Fly out, F8 (Flyball, 78D, EV 94.4 MPH)
|
|
Batting: RHB Juan Franco
|
0-0: Ground out 1-3 (Groundball, 34S, EV 83.8 MPH)
|
| Top of the 9th over - 0 runs, 2 hits, 0 errors, 2 left on base; Iowa 5 - Indianapolis 7 |
|